 Dungeon Crawl Stone Soup version 0.24.0-123-gd5b16e6ec5 (webtiles) character file.

Game seed: 14407389295023619184, levelgen mode: deterministic

524588 Peloso the Hoplite (level 24, -1/238 HPs)
             Began as a Minotaur Fighter on Jan 20, 2020.
             Was the Champion of Okawaru.
             Slain by a yaktaur captain (14 damage)
             ... on level 4 of the Vaults on Jan 21, 2020.
             The game lasted 04:14:59 (68388 turns).

Peloso the Hoplite (Minotaur Fighter)              Turns: 68388, Time: 04:15:01

Health: -1/238     AC: 39    Str: 42    XL:     24   Next: 76%
Magic:  0/25       EV: 17    Int:  2    God:    Okawaru [******]
Gold:   2051       SH: 33    Dex: 17    Spells: 23/23 levels left

rFire    + . .     SeeInvis +   a - +7 double sword (flame)
rCold    + + +     Gourm    .   T - +3 large shield "Patiun" {Str+3}
rNeg     + + .     Faith    .   y - +7 plate armour of Atheism {rElec Str+3}
rPois    +         Spirit   +   N - +1 hat {SInv}
rElec    +         Reflect  .   V - +4 cloak of the Mackerel {-Cast rN+ Regen+ Int+4}
rCorr    .         Harm     .   t - +0 pair of gloves "Lic Lol" {Dex+4}
MR       ++...     NoCast   +   g - +2 pair of boots of the Journeyman {rC++ MR+ Int-5 Stlth+}
Stlth    ..........             E - amulet of guardian spirit
HPRegen  0.89/turn              d - +6 ring of strength
MPRegen  0.19/turn              n - ring "Mipney" {rPois rF+ rC+ rN+ Stlth+}

@: lethally poisoned (-1 -> -1)
A: retaliatory headbutt, horns 2, blurry vision 1, dopey 1
}: 2/15 runes: decaying, serpentine
a: Heroism, Finesse, Renounce Religion


You were on level 4 of the Vaults.
You worshipped Okawaru.
Okawaru was exalted by your worship.
You were hungry.

You visited 9 branches of the dungeon, and saw 43 of its levels.
You visited the Abyss 3 times.
You also visited: Sewer, Bailey and Ice Cave.

You collected 6928 gold pieces.
You spent 4877 gold pieces at shops.

Inventory:

Hand Weapons
 a - a +7 double sword of flaming (weapon)
 b - the +2 falchion of Plunder {slice, rPois MR+ Str+5 Dex-2}
   (Okawaru gifted it to you on level 10 of the Dungeon)

   It inflicts extra damage upon your enemies.
   It affects your strength (+5).
   It affects your dexterity (-2).
   It protects you from poison.
   It affects your resistance to hostile enchantments.
 Z - a +5 eudemon blade of holy wrath
Armour
 c - a +2 buckler of reflection
 g - the +2 pair of boots of the Journeyman (worn) {rC++ MR+ Int-5 Stlth+}
   (Okawaru gifted it to you on level 4 of the Snake Pit)

   It affects your intelligence (-5).
   It greatly protects you from cold.
   It affects your resistance to hostile enchantments.
   It makes you more stealthy.
 o - a scarf of resistance
 t - the +0 pair of gloves "Lic Lol" (worn) {Dex+4}
   (You bought it in a shop on level 15 of the Dungeon)

   It affects your dexterity (+4).
 y - the +7 plate armour of Atheism (worn) {rElec Str+3}
   (You bought it in a shop on level 1 of the Snake Pit)

   It affects your strength (+3).
   It insulates you from electricity.
 N - a +1 hat of see invisible (worn)
 T - the +3 large shield "Patiun" (worn) {Str+3}
   (Okawaru gifted it to you on level 3 of the Depths)

   It affects your strength (+3).
 V - the +4 cloak of the Mackerel (worn) {-Cast rN+ Regen+ Int+4}
   (Okawaru gifted it to you on level 1 of the Depths)

   It affects your intelligence (+4).
   It protects you from negative energy.
   It prevents spellcasting.
   It increases your rate of regeneration.
 Y - quicksilver dragon scales
Jewellery
 d - a +6 ring of strength (left hand)
 l - an uncursed ring of protection from fire
 n - the ring "Mipney" (right hand) {rPois rF+ rC+ rN+ Stlth+}
   (You took it off a deep elf mage on level 3 of the Elven Halls)

   [ring of stealth]

   It protects you from fire.
   It protects you from cold.
   It protects you from poison.
   It protects you from negative energy.
   It makes you more stealthy.
 u - an uncursed ring of poison resistance
 v - an uncursed ring of protection from cold
 w - an uncursed ring of ice
 x - a +2 ring of slaying
 B - an uncursed ring of stealth
 E - an amulet of guardian spirit (around neck)
 G - an uncursed amulet of harm
 M - an uncursed ring of resist corrosion
 U - the cursed ring "Elamiyl" {rN+++ Str-3 Int-3 Stlth+}
   (You took it off a yaktaur on level 2 of the Depths)

   [ring of strength]

   It affects your strength (-3).
   It affects your intelligence (-3).
   It renders you almost immune to negative energy.
   It makes you more stealthy.
   It has a curse placed upon it.
 X - a +3 ring of evasion
Wands
 r - a wand of digging (9)
 A - a wand of paralysis (9)
 O - a wand of flame (14)
 R - a wand of iceblast (10)
Scrolls
 e - 28 scrolls of identify
 h - 14 scrolls of teleportation
 i - 5 scrolls of magic mapping
 k - 16 scrolls of remove curse
 s - 11 scrolls of blinking
 z - 4 scrolls of fear
 C - 2 scrolls of noise
 L - a scroll of enchant weapon
Potions
 j - 5 potions of heal wounds
 m - a potion of experience
 p - 5 potions of agility
 q - 19 potions of curing
 D - a potion of ambrosia
 H - a potion of brilliance
 I - a potion of mutation
 J - 9 potions of haste
 K - 5 potions of might
 P - a potion of magic
 S - 3 potions of berserk rage
 W - 6 potions of flight
Miscellaneous
 F - a phial of floods
Comestibles
 f - 63 rations


   Skills:
 + Level 24.2 Fighting
 + Level 24.7 Long Blades
 + Level 20.9 Armour
 + Level 10.5 Dodging
 + Level 3.5 Stealth
 + Level 26.7 Shields
 + Level 5.0 Invocations
 + Level 1.2 Evocations


You had 23 spell levels left.
You didn't know any spells.
Your spell library contained the following spells:

 Spells                   Type           Power        Failure   Level  Hunger
 Apportation              Tloc           #.....       87%         1    ##.....
 Beastly Appendage        Tmut           #.....       87%         1    ##.....
 Confusing Touch          Hex            #.....       87%         1    ##.....
 Corona                   Hex            #......      87%         1    ##.....
 Freeze                   Ice            #...         87%         1    ##.....
 Infusion                 Chrm           #...         87%         1    ##.....
 Magic Dart               Conj           #...         87%         1    ##.....
 Sandblast                Erth           #.....       87%         1    ##.....
 Shock                    Conj/Air       #...         87%         1    ##.....
 Summon Butterflies       Summ           #.......     87%         1    ##.....
 Summon Small Mammal      Summ           #...         87%         1    ##.....
 Blink                    Tloc           N/A          95%         2    ###....
 Call Imp                 Summ           #.......     95%         2    ###....
 Passwall                 Tmut/Erth      #.......     95%         2    ###....
 Searing Ray              Conj           #.....       95%         2    ###....
 Shroud of Golubria       Chrm/Tloc      #.....       95%         2    ###....
 Slow                     Hex            #.......     95%         2    ###....
 Sticks to Snakes         Tmut           #.......     95%         2    ###....
 Swiftness                Chrm/Air       #.......     95%         2    ###....
 Throw Frost              Conj/Ice       #.....       95%         2    ###....
 Call Canine Familiar     Summ           #.......     99%         3    ####...
 Confuse                  Hex            #.......     99%         3    ####...
 Dazzling Spray           Conj/Hex       #.....       99%         3    ####...
 Gell's Gravitas          Tloc           #.........   99%         3    ####...
 Inner Flame              Hex/Fire       #.......     99%         3    ####...
 Lesser Beckoning         Tloc           #.........   99%         3    ####...
 Ozocubu's Armour         Chrm/Ice       #.......     99%         3    ####...
 Portal Projectile        Hex/Tloc       #.....       99%         3    ####...
 Recall                   Summ/Tloc      N/A          99%         3    ####...
 Spider Form              Tmut/Pois      #.........   99%         3    ####...
 Static Discharge         Conj/Air       #.......     99%         3    ####...
 Stone Arrow              Conj/Erth      #.....       99%         3    ####...
 Summon Guardian Golem    Hex/Summ       #.......     99%         3    ####...
 Teleport Other           Tloc           #.......     99%         3    ####...
 Tukima's Dance           Hex            #.......     99%         3    ####...
 Airstrike                Air            #.........   100%        4    #####..
 Cause Fear               Hex            #.........   100%        4    #####..
 Force Lance              Conj/Tloc      #.......     100%        4    #####..
 Fulminant Prism          Conj/Hex       #.........   100%        4    #####..
 Ice Form                 Ice/Tmut       #.......     100%        4    #####..
 Iskenderun's Mystic Bla  Conj           #.......     100%        4    #####..
 Leda's Liquefaction      Hex/Erth       #.........   100%        4    #####..
 Passage of Golubria      Tloc           N/A          100%        4    #####..
 Petrify                  Tmut/Erth      #.......     100%        4    #####..
 Summon Ice Beast         Ice/Summ       #.......     100%        4    #####..
 Summon Lightning Spire   Summ/Air       #.......     100%        4    #####..
 Throw Icicle             Conj/Ice       #.......     100%        4    #####..
 Alistair's Intoxication  Tmut/Pois      #.......     100%        5    ######.
 Aura of Abjuration       Summ           #.........   100%        5    ######.
 Blade Hands              Tmut           #.........   100%        5    ######.
 Irradiate                Conj/Tmut      #.........   100%        5    ######.
 Lee's Rapid Deconstruct  Erth           #.........   100%        5    ######.
 Lightning Bolt           Conj/Air       #.........   100%        5    ######.
 Metabolic Englaciation   Hex/Ice        #.........   100%        5    ######.
 Summon Demon             Summ           #.........   100%        5    ######.
 Summon Forest            Summ/Tloc      #.........   100%        5    ######.
 Summon Mana Viper        Hex/Summ       #.......     100%        5    ######.
 Yara's Violent Unravell  Hex/Tmut       #.........   100%        5    ######.
 Bolt of Cold             Conj/Ice       #.........   100%        6    #######
 Darkness                 Hex            #.........   100%        6    #######
 Deflect Missiles         Chrm/Air       #.........   100%        6    #######
 Dispersal                Tloc           #.........   100%        6    #######
 Freezing Cloud           Conj/Ice/Air   #.........   100%        6    #######
 Hydra Form               Tmut           #.........   100%        6    #######
 Invisibility             Hex            #.......     100%        6    #######
 Ozocubu's Refrigeration  Ice            #.........   100%        6    #######
 Shadow Creatures         Summ           N/A          100%        6    #######
 Simulacrum               Ice/Necr       #.........   100%        6    #######
 Statue Form              Tmut/Erth      #........    100%        6    #######
 Dragon Form              Tmut           #.........   100%        7    #######
 Malign Gateway           Summ/Tloc      #.........   100%        7    #######
 Ring of Flames           Chrm/Fire      #.........   100%        7    #######
 Spellforged Servitor     Conj/Summ      #.........   100%        7    #######
 Summon Hydra             Summ           #.........   100%        7    #######
 Controlled Blink         Tloc           N/A          100%        8    #######
 Disjunction              Tloc           #.........   100%        8    #######
 Ignition                 Fire           #.........   100%        8    #######
 Shatter                  Erth           #.........   100%        9    #######
 Tornado                  Air            #.........   100%        9    #######


Dungeon Overview and Level Annotations

Branches:
Dungeon (15/15)            Temple (1/1) D:7            Lair (6/6) D:10
  Swamp (4/4) Lair:3        Snake (4/4) Lair:4        Slime (0/5) Lair:5
    Orc (2/2) D:11            Elf (3/3) Orc:2        Vaults (5/5) D:13
  Crypt (0/3) Vaults:2     Depths (3/5) D:15          Sewer (visited)
 Bailey (visited)           IceCv (visited)

Altars:
Ashenzari
Cheibriados
Dithmenos
Elyvilon
Fedhas
Gozag
Hepliaklqana
Kikubaaqudgha
Makhleb
Nemelex Xobeh
Okawaru
Qazlal
Ru
Sif Muna
Trog
Uskayaw
Vehumet
Wu Jian
Xom
Yredelemnul
The Shining One
Beogh

Shops:
D:6 %   D:15 [}(}!   Orc:2 *(:[   Elf:1 %   Elf:2 *   Elf:3 !   Snake:1 **(*}
Snake:3 }   Vaults:1 !   Vaults:4 (   Depths:1 [   Depths:2 *   Depths:3 !*

Portals:
Hell: Depths:1 Depths:2 Depths:3
Pandemonium: Depths:1 Depths:3
Ziggurat: Depths:2


Innate Abilities, Weirdness & Mutations

You reflexively headbutt those who attack you in melee.
You have a pair of horns on your head.
Scrolls take you a little longer to read.
You are dopey. (Int -2)


Message History

The tengu reaver hits you with a +1 great sword!
* * * LOW HITPOINT WARNING * * *
The tengu reaver pecks you.
* * * LOW HITPOINT WARNING * * *
The tengu reaver claws you but does no damage.
Unknown command.
You slice the shadow dragon!! You burn the shadow dragon.
The shadow dragon is heavily wounded.
You block the orc knight's attack. You block the shadow dragon's attack.
The shadow dragon closely misses you.
The shadow dragon claws you but does no damage.
The white very ugly thing headbutts you.
* * * LOW HITPOINT WARNING * * *
The white very ugly thing freezes you. You resist.
* * * LOW HITPOINT WARNING * * *
You block the deep troll's attack. The deep troll completely misses you.
The deep troll claws you.
* * * LOW HITPOINT WARNING * * *
The yaktaur captain hits you!
You die...

#.(....#....#..#....'
#......#....#..#....#
#......##############
######## # # ########
#..[...# ##
#Duu[..###########.
#T@c...#.........#.
#Qxo...#....8....#.
#*.....'..8...8..#.
#......#.........#.
#......#.8..>..8.#[
########.........'[
#..8...8..##
#....8....#.
#.........#.


You could see a shadow dragon, 2 very ugly things, a tengu reaver, a yaktaur
captain, an orc knight, a deep troll, a battlesphere and a crawling corpse.

Vanquished Creatures
  Mennas (Vaults:4)
  An ancient lich (Vaults:5)
  A juggernaut (Depths:1)
  The ghost of dragonscale333 the Slayer, a veteran MfGl of Qazlal (Vaults:4)
  the Lernaean hydra (Swamp:4)
  Bai Suzhen (Depths:2)
  A caustic shrike (Depths:2)
  Nikola (Snake:1)
  A golden dragon (Depths:2)
  A bone dragon (Abyss:2)
  Rupert (Lair:6)
  Jorgrun (Elf:1)
  A tentacled monstrosity (Vaults:5)
  3 titans (Vaults:5)
  3 liches
  2 quicksilver dragons
  Frances (D:12)
  3 tentacled starspawn
  4 shadow dragons
  A deep elf master archer (Elf:3)
  A sphinx (Vaults:5)
  4 tengu reavers
  A storm dragon (Vaults:5)
  Roxanne (Snake:1)
  10 fire giants
  7 nagarajas
  6 frost giants
  A balrug (Depths:3)
  10 deep elf sorcerers
  2 orc warlords (Orc:1)
  Aizul (Snake:4)
  A caustic shrike zombie (Depths:1)
  A cacodemon (Abyss:2)
  An iron dragon (Depths:2)
  14 vault wardens
  19 ironheart preservers
  29 stone giants
  8 deep elf elementalists
  11 very ugly things
  10 deep elf annihilators
  The ghost of ZLogic the Unseen, a journeyman SpEn of Kikubaaqudgha (D:15)
  2 entropy weavers
  11 deep elf demonologists
  The ghost of Vext the Imperceptible, a journeyman SpEn of Gozag (D:13)
  2 dire elephants (Lair:6)
  Snorg (D:13)
  A green death (Depths:1)
  8 deep elf death magi
  6 crystal guardians (Elf:3)
  8 fire dragons
  2 jiangshi (Abyss:2)
  11 ettins
  8 deep elf high priests
  Erolcha (D:12)
  8 yaktaur captains
  6 great orbs of eyes
  22 ogre magi
  Fannar (D:12)
  9 ice dragons
  A hell beast (Depths:3)
  A spectral shadow dragon (Vaults:4)
  14 naga warriors
  9 ghost crabs
  3 catoblepae
  Harold (D:6)
  2 spriggan air magi
  30 vault guards
  6 shambling mangroves
  18 hydras
  5 rakshasas
  14 alligators
  62 two-headed ogres
  3 death yaks (Lair:6)
  A spectral fire giant (Vaults:4)
  8 centaur warriors
  A spectral stone giant (Vaults:4)
  28 dancing weapons
  24 anacondas
  5 deep troll shamans
  A spectral human (Vaults:4)
  4 deep troll earth magi
  6 tengu warriors
  2 vampire magi
  7 thrashing horrors
  2 orc high priests
  A spriggan berserker (Depths:3)
  Urug (D:10)
  3 soul eaters
  6 shock serpents
  2 wretched stars (Abyss:3)
  17 naga sharpshooters
  2 sun demons (Depths:3)
  9 skeletal warriors
  13 deep elf knights
  A sixfirhy (Abyss:2)
  An infernal demonspawn (Depths:1)
  A salamander mystic (Snake:4)
  A shadow wraith (Vaults:3)
  7 iron trolls
  2 spectral yaktaurs (Vaults:4)
  2 storm dragon skeletons (Vaults:2)
  A glowing orange brain (Depths:3)
  21 deep trolls
  8 unseen horrors
  5 spriggan druids
  19 deep elf archers
  7 naga ritualists
  A spatial maelstrom (Abyss:3)
  11 ironbrand convokers
  A swamp dragon (shapeshifter) (Vaults:4)
  12 starcursed masses (Abyss:3)
  5 wizards
  13 swamp dragons
  3 harpies (Vaults:1)
  5 lindwurms
  19 orc knights
  69 deep elf magi
  2 necromancers
  4 wolf spiders
  3 oklob plants (Lair:4)
  A stone giant zombie (Depths:1)
  52 ugly things
  5 orc sorcerers
  6 cyclopes
  6 mana vipers
  A shadow dragon skeleton (Depths:1)
  A manticore (shapeshifter) (Vaults:4)
  3 salamanders (shapeshifter)
  3 human skeletons (Vaults:2)
  33 black mambas
  A spectral ettin (Vaults:4)
  7 manticores
  12 salamanders
  A sphinx skeleton (Vaults:2)
  8 elephants (Lair:6)
  15 guardian serpents
  A fire giant skeleton (Abyss:2)
  A guardian serpent (shapeshifter) (Vaults:1)
  13 vault sentinels
  A molten gargoyle (D:14)
  An elephant (shapeshifter) (Depths:2)
  3 ice statues
  A spectral elf (Vaults:4)
  3 gargoyles
  31 naga magi
  An orange demon (Abyss:2)
  A spiny frog (shapeshifter) (Vaults:1)
  4 apocalypse crabs (Swamp:2)
  18 spiny frogs
  A komodo dragon (shapeshifter) (Vaults:3)
  A rime drake (shapeshifter) (Depths:2)
  51 yaktaurs
  5 rime drakes
  A spriggan zombie (Depths:1)
  3 efreet
  4 komodo dragons
  2 tengu conjurers
  A yaktaur skeleton (Vaults:2)
  8 freezing wraiths
  2 kobold demonologists
  6 ancient zymes
  A queen bee (shapeshifter) (Vaults:1)
  9 trolls
  A troll (shapeshifter) (Vaults:4)
  A tengu simulacrum (Vaults:4)
  3 large abominations
  A silent spectre (Abyss:3)
  A queen bee (Lair:3)
  A jumping spider (shapeshifter) (Vaults:1)
  A sphinx simulacrum (Vaults:3)
  6 tyrant leeches
  18 hornets
  Prince Ribbit (D:9)
  A raiju (Abyss:2)
  A stone giant simulacrum (Vaults:3)
  17 bog bodies
  A hippogriff (shapeshifter) (Vaults:2)
  9 blink frogs
  8 dream sheep (Lair:6)
  10 hippogriffs
  18 slime creatures
  7 redbacks
  4 shadows
  2 air elementals
  8 spriggans
  3 wraiths
  An elf simulacrum (Vaults:4)
  18 yaks
  A fire elemental (D:14)
  A spriggan (shapeshifter) (Depths:2)
  An ettin skeleton (Vaults:2)
  A hog (shapeshifter) (Vaults:2)
  5 hungry ghosts
  A steam dragon (D:9)
  3 basilisks
  2 yaktaur simulacra
  11 vampire mosquitoes
  4 chaos spawn
  3 neqoxecs
  A soldier ant (D:14)
  A swamp worm (shapeshifter) (Depths:2)
  14 insubstantial wisps
  4 wargs
  47 nagas
  11 swamp worms
  A soldier ant (shapeshifter) (Depths:1)
  An acid dragon (Vaults:2)
  A deep troll skeleton (Vaults:2)
  2 floating eyes
  13 porcupines
  15 water moccasins
  12 swamp drakes
  A floating eye (shapeshifter) (Depths:3)
  8 ice beasts
  An eye of draining (D:12)
  45 orc warriors
  3 black bears
  A boggart (Vaults:2)
  60 ogres
  A phantom (D:8)
  5 wolves (Lair:6)
  A hornet zombie (D:15)
  5 sky beasts
  15 centaurs
  An elf skeleton (Vaults:2)
  10 crocodiles
  6 big kobolds
  14 bullfrogs
  2 wyvern zombies
  4 earth elementals
  A wyvern skeleton (D:7)
  3 human simulacra
  6 scorpions
  31 killer bees
  3 wights (D:8)
  2 electric eels
  8 crimson imps
  6 lava snakes
  7 hounds
  2 quasits
  6 centaur skeletons
  29 orc priests
  Crazy Yiuf (D:2)
  A human zombie (Abyss:3)
  8 jellies
  29 orc wizards
  6 bullfrog skeletons
  2 centaur zombies
  2 iguanas
  5 worker ants
  Natasha (D:2)
  4 small abominations
  A hound skeleton (D:7)
  18 adders
  9 gnolls
  5 river rats
  6 shadow imps
  3 white imps (Lair:4)
  2 oozes
  2 adder skeletons
  3 worms
  A dart slug (D:2)
  7 leopard geckos
  83 orcs
  6 bats
  5 giant cockroaches
  14 goblins
  6 hobgoblins
  12 jackals
  11 quokkas
  6 ball pythons
  11 frilled lizards
  A jackal skeleton (D:6)
  A jackal zombie (D:7)
  33 kobolds
  A leopard gecko skeleton (D:8)
  A leopard gecko zombie (D:5)
  25 rats
  A bush (D:9)
  A crawling corpse (Vaults:5)
  A fungus (Lair:1)
  7 plants
  A starspawn tentacle (Abyss:2)
2070 creatures vanquished.

Vanquished Creatures (others)
  An ironheart preserver (Vaults:4)
  2 alligators (Swamp:3)
  2 deep elf knights
  2 deep elf archers (Elf:2)
  2 deep elf magi
  3 yaktaurs
  A tyrant leech (Swamp:3)
  A tengu simulacrum (Vaults:3)
  A swamp drake (Swamp:4)
  2 ogres
  A centaur (Depths:2)
  10 fungi
  3 plants
  7 starspawn tentacles (Abyss:2)
38 creatures vanquished.

Grand Total: 2108 creatures vanquished

Notes
Turn   | Place    | Note
-------+----------+-------------------------------------------
     0 | D:1      | Peloso the Minotaur Fighter began the quest for the Orb.
     0 | D:1      | Reached XP level 1. HP: 19/19 MP: 0/0
    57 | D:1      | Reached XP level 2. HP: 24/27 MP: 1/1
   424 | D:2      | Found a faded altar of an unknown god.
   452 | D:2      | Reached skill level 4 in Shields
   632 | D:2      | Reached XP level 3. HP: 33/33 MP: 2/2
   650 | D:2      | Found a stormy altar of Qazlal.
   796 | D:2      | Found a runed translucent door.
   797 | D:2      | Noticed Crazy Yiuf
   849 | D:2      | Noticed Natasha
   869 | D:2      | Killed Natasha
   869 | D:2      | Reached XP level 4. HP: 16/40 MP: 3/3
  1181 | D:2      | Killed Crazy Yiuf
  1314 | D:3      | Found a glowing drain.
  1343 | Sewer    | Entered a sewer
  1382 | Sewer    | Reached XP level 5. HP: 43/46 MP: 4/4
  1424 | Sewer    | Reached skill level 1 in Dodging
  1901 | Sewer    | Reached skill level 5 in Shields
  2388 | D:3      | Reached skill level 5 in Long Blades
  2790 | D:4      | Reached XP level 6. HP: 43/53 MP: 5/5
  2792 | D:4      | Reached skill level 5 in Armour
  3064 | D:4      | Found an opulent altar of Gozag.
  3113 | D:5      | Entered Level 5 of the Dungeon
  3192 | D:5      | Found a bloodstained altar of Trog.
  3201 | D:5      | Reached XP level 7. HP: 57/60 MP: 6/6
  3251 | D:5      | Found a shadowy altar of Dithmenos.
  3510 | D:5      | Reached skill level 6 in Shields
  3529 | D:5      | Reached skill level 5 in Fighting
  3657 | D:5      | Found a shimmering blue altar of Sif Muna.
  3713 | D:5      | Found an ornate altar of the Wu Jian Council.
  4126 | D:6      | Found a glowing golden altar of the Shining One.
  4294 | D:6      | Got a slimy chain mail
  4305 | D:6      | Identified the +13 chain mail of Impermeability {Stlth+}
                  | (You found it on level 6 of the Dungeon)
  4362 | D:6      | Got a polished rapier
  4363 | D:6      | Identified the +5 rapier "Fajirphe" {drain, Str+2} (You
                  | found it on level 6 of the Dungeon)
  4368 | D:6      | Found Kapeequ's Food Emporium.
  4463 | D:6      | Reached XP level 8. HP: 63/68 MP: 7/7
  4481 | D:6      | Found a burning altar of Makhleb.
  4868 | D:7      | Found a snail-covered altar of Cheibriados.
  4891 | D:7      | Reached skill level 7 in Shields
  4904 | D:7      | Found a staircase to the Ecumenical Temple.
  4914 | D:7      | Noticed Harold
  5217 | D:6      | Killed Harold
  5217 | D:6      | Reached skill level 8 in Shields
  5217 | D:6      | Reached XP level 9. HP: 18/75 MP: 8/8
  5733 | Temple   | Entered the Ecumenical Temple
  5924 | Temple   | Became a worshipper of Warmaster Okawaru
  6017 | D:7      | Found a shimmering blue altar of Sif Muna.
  6424 | D:8      | Reached * piety under Okawaru
  6446 | D:8      | Reached skill level 10 in Long Blades
  6446 | D:8      | Reached skill level 9 in Shields
  6612 | D:8      | Reached ** piety under Okawaru
  6673 | D:8      | Noticed a cyan ugly thing
  6689 | D:8      | Killed a cyan ugly thing
  6689 | D:8      | Reached XP level 10. HP: 54/84 MP: 6/9
  6833 | D:8      | Reached skill level 10 in Shields
  7764 | D:9      | Found a shattered altar of Ashenzari.
  7815 | D:9      | Reached *** piety under Okawaru
  7933 | D:9      | Noticed a two-headed ogre
  7941 | D:9      | Killed a two-headed ogre
  8247 | D:9      | Reached **** piety under Okawaru
  8267 | D:9      | Found a hide-covered altar of Uskayaw.
  8269 | D:9      | Found a blossoming altar of Fedhas.
  8269 | D:9      | Found a radiant altar of Vehumet.
  8496 | D:9      | Noticed Prince Ribbit
  8509 | D:9      | Killed Prince Ribbit
  8616 | D:9      | Noticed a two-headed ogre
  8625 | D:9      | Killed a two-headed ogre
  8625 | D:9      | Reached skill level 10 in Armour
  8625 | D:9      | Reached skill level 11 in Shields
  8625 | D:9      | Reached XP level 11. HP: 59/94 MP: 10/10
  8946 | D:10     | Entered Level 10 of the Dungeon
  8946 | D:10     | Noticed Urug
  9060 | D:10     | Killed Urug
  9060 | D:10     | Reached ***** piety under Okawaru
  9429 | D:11     | Reached skill level 1 in Invocations
  9752 | D:11     | Killed an unseen horror
  9861 | D:11     | Noticed a two-headed ogre
  9861 | D:11     | Noticed a cyan ugly thing
  9866 | D:11     | Killed an unseen horror
  9866 | D:11     | Received a gift from Okawaru
  9872 | D:11     | Killed a cyan ugly thing
  9889 | D:11     | Killed a two-headed ogre
 10030 | D:11     | Found a staircase to the Orcish Mines.
 10324 | D:12     | Noticed a two-headed ogre
 10338 | D:12     | Killed a two-headed ogre
 10338 | D:12     | Reached skill level 12 in Shields
 10517 | D:12     | Found a portal to a secret trove of treasure.
 10562 | D:12     | Reached XP level 12. HP: 101/104 MP: 12/12
 10655 | D:12     | Noticed Fannar
 10673 | D:12     | Killed Fannar
 10728 | D:12     | Noticed a two-headed ogre
 10736 | D:12     | Killed a two-headed ogre
 10773 | D:12     | Noticed Frances
 10800 | D:12     | Noticed Erolcha
 10818 | D:12     | Killed Erolcha
 11295 | D:12     | Killed Frances
 11476 | D:10     | Noticed a two-headed ogre
 11491 | D:10     | Killed a two-headed ogre
 11491 | D:10     | Received a gift from Okawaru
 11491 | D:10     | Reached skill level 5 in Dodging
 11505 | D:10     | Got a jewelled falchion {god gift}
 11506 | D:10     | Identified the +2 falchion of Plunder {slice, rPois MR+
                  | Str+5 Dex-2} (Okawaru gifted it to you on level 10 of the
                  | Dungeon)
 11539 | D:10     | Found a blossoming altar of Fedhas.
 11623 | D:10     | Found a runed translucent door.
 11626 | D:10     | Found a runed translucent door.
 11647 | D:10     | Reached skill level 10 in Fighting
 11651 | D:10     | Identified the +6 morningstar of Zuampuisyj {crush, Int+3}
 11651 | D:10     | Noticed a centaur warrior
 11659 | D:10     | Killed a centaur warrior
 11674 | D:10     | Reached skill level 13 in Shields
 11900 | D:10     | Found a staircase to the Lair.
 12532 | D:13     | Noticed a two-headed ogre
 12532 | D:13     | Noticed Vext's ghost (journeyman SpEn)
 12533 | D:13     | Found a transporter.
 12534 | D:13     | Noticed a two-headed ogre
 12534 | D:13     | Noticed a two-headed ogre
 12535 | D:13     | Noticed a two-headed ogre
 12537 | D:13     | Found a transporter.
 12563 | D:13     | Found a frozen archway.
 12566 | D:13     | Noticed Snorg
 12572 | IceCv    | Entered an ice cave
 12597 | IceCv    | Received a gift from Okawaru
 12733 | IceCv    | Found a transporter.
 12758 | IceCv    | Found a transporter.
 12787 | IceCv    | Received a gift from Okawaru
 12801 | IceCv    | Got a polished dagger
 12811 | IceCv    | Got an obsidian-encrusted ring mail {god gift}
 12823 | IceCv    | Identified the +4 ring mail "Xaet" {rN+ MR+ Regen+}
                  | (Okawaru gifted it to you in an ice cave)
 12833 | IceCv    | Identified the +9 dagger of Mumad {venom, rC+} (You found
                  | it in an ice cave)
 12852 | D:13     | Killed Snorg
 12852 | D:13     | Reached XP level 13. HP: 81/114 MP: 14/14
 13063 | D:13     | HP: 3/114 [skeletal warrior/+0 dire flail (13)]
 13331 | D:13     | Reached skill level 14 in Shields
 13424 | D:13     | Found a gate to the Vaults.
 13831 | Lair:1   | Entered Level 1 of the Lair of Beasts
 14039 | Lair:1   | Reached skill level 15 in Long Blades
 15494 | Lair:3   | Found a radiant altar of Vehumet.
 15974 | Lair:3   | Found a staircase to the Swamp.
 16177 | Lair:3   | You fall into a shaft and drop 2 floors!
 16177 | Lair:5   | Found a staircase to the Slime Pits.
 16511 | Lair:4   | Received a gift from Okawaru
 16511 | Lair:4   | Reached skill level 1 in Stealth
 16511 | Lair:4   | Reached skill level 15 in Shields
 17034 | Lair:4   | Found a staircase to the Snake Pit.
 18228 | Lair:5   | Reached XP level 14. HP: 118/124 MP: 13/15
 18863 | Lair:6   | Entered Level 6 of the Lair of Beasts
 18986 | Lair:6   | Reached ****** piety under Okawaru
 18986 | Lair:6   | Received a gift from Okawaru
 19176 | Lair:6   | Reached skill level 16 in Shields
 19605 | Lair:6   | Noticed Rupert
 19628 | Lair:6   | Killed Rupert
 19954 | Lair:6   | Got dazzling quicksilver dragon scales
 19973 | Lair:6   | Identified the quicksilver dragon scales "Iryeh" {rPois MR+
                  | Slay+4 Stlth-} (You found it on level 6 of the Lair of
                  | Beasts)
 20804 | Orc:1    | Entered Level 1 of the Orcish Mines
 20805 | Orc:1    | Identified a scroll of acquirement
 20841 | Orc:1    | Found a flagged portal.
 20935 | Orc:1    | Found a roughly hewn altar of Beogh.
 21028 | Bailey   | Entered a bailey
 21315 | Bailey   | Found a bloodstained altar of Trog.
 21622 | Orc:1    | Reached skill level 17 in Shields
 21811 | Orc:1    | Received a gift from Okawaru
 21853 | Orc:1    | Noticed an orc warlord
 21865 | Orc:1    | Killed an orc warlord
 22166 | Orc:2    | Entered Level 2 of the Orcish Mines
 22215 | Orc:2    | Found a staircase to the Elven Halls.
 22249 | Orc:2    | Reached XP level 15. HP: 132/134 MP: 17/17
 22254 | Orc:2    | Paralysed by an orc sorcerer for 6 turns
 22259 | Orc:2    | Noticed an orc warlord
 22607 | Orc:1    | Killed an orc warlord
 22653 | Orc:2    | Found a roughly hewn altar of Beogh.
 23060 | Orc:2    | Found Sigiotir's Book Emporium.
 23062 | Orc:2    | Found Ushragidgh's Antique Armour Emporium.
 23069 | Orc:2    | Found Daoqiqa's Antique Weapon Emporium.
 23075 | Orc:2    | Received a gift from Okawaru
 23122 | Orc:2    | Found Gusic's General Store.
 24556 | D:15     | Entered Level 15 of the Dungeon
 24694 | D:15     | Found a runed translucent gate.
 24694 | D:15     | Found a runed translucent gate.
 24697 | D:15     | Noticed ZLogic's ghost (journeyman SpEn)
 24698 | D:15     | Found a runed translucent gate.
 24744 | D:15     | Found Ogriuj's Distillery.
 24749 | D:15     | Bought a potion of berserk rage for 50 gold pieces
 24749 | D:15     | Bought a potion of might for 40 gold pieces
 25523 | D:15     | Found a staircase to the Depths.
 25523 | D:15     | Noticed a fire giant
 25550 | D:15     | Killed a fire giant
 25591 | D:15     | Received a gift from Okawaru
 26011 | D:15     | Found Leile's Gadget Shop.
 26011 | D:15     | Found Bocelapn's Antique Weapon Shop.
 26032 | D:15     | Bought a smoking hand crossbow for 161 gold pieces
 26032 | D:15     | Identified the +3 hand crossbow "Owaomn" {penet, rPois
                  | Dex+3} (You bought it in a shop on level 15 of the Dungeon)
 26034 | D:15     | Found Heod's Antique Armour Shop.
 26039 | D:15     | Bought a pair of shimmering gloves for 275 gold pieces
 26050 | D:15     | Identified the cursed +0 pair of gloves "Lic Lol" {Dex+4}
                  | (You bought it in a shop on level 15 of the Dungeon)
 26051 | D:15     | Bought a pair of runed boots for 217 gold pieces
 26123 | D:15     | Found a sacrificial altar of Ru.
 26155 | D:15     | Found Raizavar's Gadget Boutique.
 26160 | D:15     | Found a blossoming altar of Fedhas.
 26276 | D:15     | Found a shimmering altar of Xom.
 26618 | D:15     | Killed ZLogic's ghost
 26618 | D:15     | Reached skill level 1 in Evocations
 26633 | D:15     | Identified Sif Muna's Catalogue of Aerial Augmentations
 27124 | D:13     | Reached skill level 18 in Shields
 27169 | D:13     | Killed Vext's ghost
 27800 | Swamp:1  | Entered Level 1 of the Swamp
 27870 | Swamp:1  | Received a gift from Okawaru
 27917 | Swamp:1  | Paralysed by a hornet for 1 turns
 28466 | Swamp:1  | Got a crude battleaxe
 28969 | Swamp:2  | Reached XP level 16. HP: 130/146 MP: 18/18
 29160 | Swamp:2  | Got a warped granite ring
 29207 | Swamp:2  | Found a runed translucent door.
 29925 | Swamp:2  | Identified the ring "Fuupiape" {+Blink SInv} (You found it
                  | on level 2 of the Swamp)
 29926 | Swamp:2  | Identified the +4 battleaxe of Infinite Pain {antimagic,
                  | rElec rC+ SInv} (You found it on level 1 of the Swamp)
 30019 | Swamp:3  | Reached skill level 15 in Armour
 30088 | Swamp:3  | Received a gift from Okawaru
 30171 | Swamp:3  | Got a wavering marble ring
 30192 | Swamp:3  | Identified the ring of Mutouscha {Dex+2 SInv} (You found it
                  | on level 3 of the Swamp)
 30257 | Swamp:3  | Reached skill level 15 in Fighting
 32188 | Swamp:4  | Entered Level 4 of the Swamp
 33920 | Swamp:4  | Reached skill level 19 in Shields
 33980 | Swamp:4  | Received a gift from Okawaru
 33980 | Swamp:4  | Reached XP level 17. HP: 82/156 MP: 14/19
 34422 | Swamp:4  | Noticed the 27-headed Lernaean hydra
 34435 | Swamp:4  | Killed the 23-headed Lernaean hydra
 34453 | Swamp:4  | Got a decaying rune of Zot
 34769 | Snake:1  | Entered Level 1 of the Snake Pit
 34823 | Snake:1  | Noticed Roxanne
 35167 | Snake:1  | Killed Roxanne
 35674 | Snake:1  | Found Darchus's Antique Weapon Boutique.
 35675 | Snake:1  | Found Asyinob's Assorted Antiques.
 35675 | Snake:1  | Found Meanatug's General Store.
 35678 | Snake:1  | Found Zeceanat's General Store.
 35679 | Snake:1  | Noticed Nikola
 35696 | Snake:1  | Killed Nikola
 35746 | Snake:1  | Bought the +7 plate armour of Atheism {rElec Str+3} for
                  | 1096 gold pieces
 36049 | Snake:1  | Found Hesoaliema's Gadget Shop.
 37438 | Snake:2  | Received a gift from Okawaru
 37455 | Snake:2  | Got an ichor-stained scimitar {god gift}
 37456 | Snake:2  | Identified the +1 scimitar "Qiym" {flame, +Fly rElec MR+
                  | Dex-4} (Okawaru gifted it to you on level 2 of the Snake
                  | Pit)
 39497 | Snake:3  | Received a gift from Okawaru
 39639 | Snake:3  | Found Foqawocio's Gadget Emporium.
 39668 | Snake:3  | Reached skill level 20 in Shields
 39708 | Snake:3  | Bought a wand of digging (5) for 288 gold pieces
 40105 | Snake:3  | Reached XP level 18. HP: 136/168 MP: 16/20
 41855 | Snake:4  | Entered Level 4 of the Snake Pit
 42222 | Snake:4  | Noticed Aizul
 42235 | Snake:4  | Killed Aizul
 43337 | Snake:4  | Received a gift from Okawaru
 43340 | Snake:4  | Got a pair of ichor-stained boots {god gift}
 43370 | Snake:4  | Identified the +2 pair of boots of the Journeyman {rC++ MR+
                  | Int-5 Stlth+} (Okawaru gifted it to you on level 4 of the
                  | Snake Pit)
 43370 | Snake:4  | Lost intelligence.
 44639 | Snake:4  | Got a serpentine rune of Zot
 45038 | Elf:1    | Entered Level 1 of the Elven Halls
 45038 | Elf:1    | Noticed Jorgrun
 45049 | Elf:1    | Killed Jorgrun
 45049 | Elf:1    | Reached skill level 21 in Shields
 45253 | Elf:1    | Got a polished arbalest
 45315 | Elf:1    | Got a bloodstained trident
 45316 | Elf:1    | Identified the +4 arbalest "Ultimatum" {penet, rC+ MP+9
                  | Stlth+} (You found it on level 1 of the Elven Halls)
 45332 | Elf:1    | Identified the +5 trident "Wirhoish" {flame, Str+4 Stlth+}
                  | (You found it on level 1 of the Elven Halls)
 45407 | Elf:1    | Identified the Tome of the Escort
 45417 | Elf:1    | Received a gift from Okawaru
 45505 | Elf:1    | Noticed a Brimstone Fiend
 45673 | Elf:1    | Found Rajacen's Food Emporium.
 45785 | Elf:1    | Reached XP level 19. HP: 175/179 MP: 21/21
 46033 | Elf:2    | Found a huge runed translucent gate.
 46033 | Elf:2    | Found a huge runed translucent gate.
 46044 | Elf:2    | Found a huge runed translucent gate.
 46165 | Elf:2    | Found a radiant altar of Vehumet.
 47133 | Elf:2    | Found Jaczics's General Store.
 47327 | Elf:2    | Found a huge runed translucent gate.
 47327 | Elf:2    | Found a huge runed translucent gate.
 47352 | Elf:3    | Entered Level 3 of the Elven Halls
 47383 | Elf:3    | Found Nedipli's Distillery.
 47430 | Elf:3    | Bought a potion of heal wounds for 60 gold pieces
 47430 | Elf:3    | Bought a potion of berserk rage for 60 gold pieces
 47430 | Elf:3    | Bought a potion of heal wounds for 60 gold pieces
 47430 | Elf:3    | Bought a potion of heal wounds for 60 gold pieces
 48974 | Elf:3    | Received a gift from Okawaru
 49047 | Elf:3    | Identified the ring "Mipney" {rPois rF+ rC+ rN+ Stlth+}
 49398 | Elf:3    | Identified the +1 glaive of Abuse {drain, Dex+4}
 49813 | Elf:3    | Identified the +2 war axe of Sopil {pain, rF+ rN+++ Str-2}
 49828 | Elf:3    | Received a gift from Okawaru
 49837 | Elf:3    | Noticed a Tzitzimitl
 49837 | Elf:3    | Reached skill level 22 in Shields
 49838 | Elf:3    | Noticed a Brimstone Fiend
 49840 | Elf:3    | Noticed a Tzitzimitl
 50458 | Elf:3    | Identified the cursed +1 chain mail of Whack-A-Mole
                  | {*Corrode rF+ Int+5}
 50688 | Elf:3    | Identified the +12 whip of Reinforcement {protect, rC- MP+9
                  | Int+6}
 50688 | Elf:3    | Identified the ring "Waxkuits" {Wiz +Fly Int+6 Dex+4}
 50952 | Elf:3    | Reached XP level 20. HP: 164/191 MP: 19/22
 51491 | Elf:2    | Received a gift from Okawaru
 51519 | Elf:2    | Cast into level 3 of the Abyss (+3 halberd of distortion)
 51748 | Abyss:3  | Paralysed by accursed screaming for 1 turns
 51799 | Abyss:3  | HP: 9/191 [spatial maelstrom (14)]
 51863 | Elf:2    | Escaped the Abyss
 53012 | Vaults:1 | Entered Level 1 of the Vaults
 53245 | Vaults:1 | Found Ycos's Distillery.
 53248 | Vaults:1 | Bought a potion of heal wounds for 60 gold pieces
 53248 | Vaults:1 | Bought a potion of heal wounds for 60 gold pieces
 53248 | Vaults:1 | Bought a potion of heal wounds for 60 gold pieces
 53248 | Vaults:1 | Bought a potion of heal wounds for 60 gold pieces
 53248 | Vaults:1 | Bought a potion of berserk rage for 60 gold pieces
 53248 | Vaults:1 | Bought a potion of haste for 120 gold pieces
 53985 | Vaults:1 | Received a gift from Okawaru
 54308 | Vaults:1 | Paralysed by an ogre mage for 3 turns
 54646 | Vaults:2 | Reached skill level 23 in Shields
 55101 | Vaults:2 | Reached XP level 21. HP: 133/201 MP: 17/23
 55102 | Vaults:2 | You fall into a shaft and drop 1 floor!
 55209 | Vaults:3 | Received a gift from Okawaru
 55652 | Vaults:3 | Found an opulent altar of Gozag.
 55775 | Vaults:2 | Found a staircase to the Crypt.
 56352 | Vaults:2 | Paralysed by a great orb of eyes for 6 turns
 56824 | Vaults:3 | Reached skill level 10 in Dodging
 57191 | Vaults:3 | Received a gift from Okawaru
 57194 | Vaults:3 | Got a brightly glowing plate armour {god gift}
 57197 | Vaults:3 | Identified the +0 plate armour "Moot" {+Fly rPois rN+}
                  | (Okawaru gifted it to you on level 3 of the Vaults)
 58271 | Vaults:4 | Reached skill level 24 in Shields
 58273 | Vaults:4 | Reached XP level 22. HP: 179/213 MP: 19/24
 58667 | Vaults:4 | Found Gulipuc's Weapon Shoppe.
 58804 | Vaults:4 | Cast into level 2 of the Abyss (a deep elf demonologist)
 58813 | Abyss:2  | Found a corrupted altar of Lugonu.
 58936 | Abyss:2  | Found a corrupted altar of Lugonu.
 58947 | Abyss:2  | Got a smoking hand crossbow
 59048 | Abyss:2  | Gained mutation: You are dopey. (Int -2) [a neqoxec]
 59053 | Vaults:4 | Escaped the Abyss
 59056 | Vaults:4 | Received a gift from Okawaru
 59080 | Vaults:4 | Got a translucent long sword {god gift}
 59081 | Vaults:4 | Identified the +3 hand crossbow "Vovveliq" {velocity, -Tele
                  | rElec rC+ SInv} (You found it on level 2 of the Abyss)
 59082 | Vaults:4 | Lost intelligence.
 59082 | Vaults:4 | Identified the +9 long sword of Impeachment {slice, Fragile
                  | rF+++ Int-4 SInv} (Okawaru gifted it to you on level 4 of
                  | the Vaults)
 59587 | Vaults:4 | Paralysed by a great orb of eyes for 2 turns
 59591 | Vaults:4 | Paralysed by a great orb of eyes for 4 turns
 59793 | Vaults:4 | Cast into level 2 of the Abyss (a deep elf demonologist)
 59805 | Vaults:4 | Escaped the Abyss
 60101 | Vaults:4 | Received a gift from Okawaru
 60663 | Vaults:4 | Found a runed translucent gate.
 60664 | Vaults:4 | Found a runed translucent gate.
 60664 | Vaults:4 | Found a runed translucent gate.
 60666 | Vaults:4 | Noticed dragonscale333's ghost (veteran MfGl)
 60698 | Vaults:4 | Killed dragonscale333's ghost
 61264 | Depths:1 | Entered Level 1 of the Depths
 61664 | Depths:1 | Gained mutation: Scrolls take you a little longer to read.
                  | [a neqoxec]
 61671 | Depths:1 | Found a one-way gate leading to the halls of Pandemonium.
 61927 | Depths:1 | Found a gateway to Hell.
 62012 | Depths:1 | Received a gift from Okawaru
 62074 | Depths:1 | Found Tifur's Armour Shoppe.
 62406 | Depths:1 | Reached XP level 23. HP: 222/225 MP: 25/25
 62564 | Depths:2 | Noticed Bai Suzhen
 62595 | Depths:2 | Killed Bai Suzhen
 62813 | Depths:2 | Noticed a juggernaut
 63443 | Depths:1 | Killed a juggernaut
 63443 | Depths:1 | Received a gift from Okawaru
 63446 | Depths:1 | Got a transparent cloak {god gift}
 63459 | Depths:1 | Identified the +4 cloak of the Mackerel {-Cast rN+ Regen+
                  | Int+4} (Okawaru gifted it to you on level 1 of the Depths)
 63793 | Depths:2 | Reached skill level 25 in Shields
 63830 | Depths:2 | Identified the cursed ring "Elamiyl" {rN+++ Str-3 Int-3
                  | Stlth+}
 64051 | Depths:2 | Identified the +10 dagger "Deet" {flame, rN+++ MR-}
 64724 | Snake:1  | Bought a potion of experience for 1600 gold pieces
 64940 | Snake:3  | Bought a wand of digging (4) for 256 gold pieces
 65242 | Depths:2 | Found a gateway to a ziggurat.
 65551 | Depths:2 | Found Vaite's Pet Rocks.
 65564 | Depths:2 | Bought a wand of digging (5) for 234 gold pieces
 65751 | Depths:2 | Noticed a caustic shrike
 65759 | Depths:2 | Killed a caustic shrike
 66283 | Depths:3 | Found Gifoykk's Mayhem Merchandise.
 66527 | Depths:3 | Received a gift from Okawaru
 66537 | Depths:3 | Got a pitted large shield {god gift}
 66548 | Depths:3 | Identified the +3 large shield "Patiun" {Str+3} (Okawaru
                  | gifted it to you on level 3 of the Depths)
 66628 | Depths:3 | Found Igoot's Distillery.
 67105 | Vaults:5 | Entered Level 5 of the Vaults
 67120 | Vaults:4 | Reached XP level 24. HP: 237/237 MP: 25/25
 67680 | Vaults:5 | Reached skill level 26 in Shields
 67852 | Vaults:5 | Noticed an ancient lich
 67879 | Vaults:5 | Received a gift from Okawaru
 67898 | Vaults:5 | Noticed Mennas
 67918 | Vaults:5 | Killed an ancient lich
 67950 | Vaults:4 | Killed Mennas
 68383 | Vaults:5 | Reached skill level 5 in Invocations
 68388 | Vaults:4 | Slain by a yaktaur captain

Levels and vault maps discovered:
D:1:      giann_bridges, layout_rooms
D:2:      layout_loops_cross, first_ration,
          chequers_ecumenical_altar_simple_redux, grunt_qazlal_sundering,
          uniq_natasha, uniq_crazy_yiuf_cottage
D:3:      wad_woods_tower, layout_basic, portal_sewer_entry_a,
          hangedman_decor_points, minmay_diced_spiral
D:4:      layout_basic, kennysheep_mini_moat
D:5:      layout_basic, lemuel_blue_sif_altar, old_standard_altar,
          nicolae_dithmenos_the_darkroom, lemuel_doored_altar,
          minmay_lizard_king
D:6:      layout_basic, makhleb_heckhound_becter,
          nicolae_overflow_crystal_walls, serial_shops, shop, dk_noncrumbling_3
D:7:      layout_rooms, cheibriados_altar_1,
          minmay_temple_entry_statues_fountains, basic_altar, uniq_harold
D:8:      layout_layer_cave
D:9:      layout_loops_corners, nicolae_ashenzari_panopticon,
          gammafunk_temple_overflow_forgotten, nrook_campfire,
          uniq_prince_ribbit1
D:10:     minmay_the_grid_triangle_9x9_rhombus_full
          [minmay_the_grid_triangle_9x9_warning,
          minmay_the_grid_triangle_9x9_pentomino_pain,
          minmay_the_grid_triangle_9x9_checkered,
          minmay_the_grid_triangle_9x9_longest,
          minmay_the_grid_triangle_9x9_shrine,
          minmay_the_grid_triangle_9x9_tough_junction,
          minmay_the_grid_triangle_9x9_sprig,
          minmay_the_grid_triangle_9x9_prize_insulated], layout_irregular_city,
          grunt_lair_entry_orc_guard_hut, blue_anna_alchemist
          [blue_anna_fruit_fields, blue_anna_fruit_fields],
          chequers_serial_rivers_marsh, uniq_urug
D:11:     layout_basic, orc_0_dummy, fountainhead, minivault_26,
          onia_ninara_cookie
D:12:     layout_roguey, nicolae_trove_entry_columns, uniq_frances, uniq_fannar,
          uniq_erolcha
D:13:     layout_gridville, hangedman_vaults_entry_quadrant_bands,
          portal_ice_cave_rime, gammafunk_ghost_smash, uniq_snorg
D:14:     layout_gridville, small_statue_intersection, kennysheep_island_fort
D:15:     grunt_enter_depths_giant_problem, layout_basic, serial_shops, shop,
          shop, shop, shop, nicolae_shop_temple_entry_statues_fountains,
          gammafunk_ghost_split, fedhas_altar_2, hangedman_feature_mirror,
          lemuel_flamethrower_1
Temple:   jpeg_temple_alley_garden
Lair:1:   layout_concentric_octagons, minmay_stone_trees_small,
          serial_bayou_shore_b, lemuel_fruit_tree, serial_bayou_shore_b,
          infiniplex_staircase_pool
Lair:2:   layout_loops_ring, serial_bayou_pond_a
Lair:3:   layout_roguey [special_room_bee], swamp_mist_pool, basic_altar
Lair:4:   layout_regular_city, minmay_snake_entry_guardpost_small,
          bobbens_ice_dragon_lair, minmay_lair_oklob_chamber
Lair:5:   layout_layer_cave, nicolae_slime_entry_slimehenge
Lair:6:   hangedman_lair_in_review, layout_long_grid, wad_woods_road_05,
          uniq_rupert
Swamp:1:  layout_falls_marsh, evilmike_swamp_ruin_house_3
Swamp:2:  gammafunk_mikee_crab_dinner, layout_basic_swamp,
          nicolae_swamp_trees_clearing, swamp_pool1, st_swamp_mini
Swamp:3:  layout_basic_swamp, evilmike_swamp_ruin_house_1, swamp_pool3,
          hangedman_swamp_double_dragon
Swamp:4:  grunt_swamp_rune_castle, layout_basic_swamp
Snake:1:  layout_honeycomb, serial_shops, nicolae_shop_trees, minmay_shoptagon,
          uniq_roxanne, uniq_nikola
Snake:2:  layout_cave_pods, nicolae_snake_lava_pool
Snake:3:  layout_cave_town, serial_shops, shop, grunt_ministairs_9,
          hangedman_snake_sidewinding
Snake:4:  grunt_snake_rune_serpentine_throne, layout_cave_town, uniq_aizul
Orc:1:    layout_caves, basic_altar, lightli_bailey_entry_fortress, elf_legates
Orc:2:    grunt_orc_cross, layout_caves, rock_pile
Elf:1:    layout_geoelf_octagon, serial_shops, shop, minmay_elf_demonology,
          uniq_louise, uniq_jorgrun
Elf:2:    layout_geoelf_octagon, serial_shops, shop, drop_trap,
          guppyfry_elf_altar
Elf:3:    minmay_elf_hall_golems, layout_loops_ring, serial_shops, shop
Vaults:1: hangedman_vaults_impose, nicolae_vaults_twisting_passages,
          grunt_vaults_focal, nicolae_vaults_mini_display_case,
          vaults_mumra_hex, v_misc_18, dpeg_vaults_monster_box,
          ontoclasm_vaults_gateway, layout_vaults_chaotic_city, serial_shops,
          shop
Vaults:2: hangedman_vaults_river_flow, ontoclasm_vaults_ring_square,
          nicolae_vaults_know_your_exits, v_misc_3, vaults_dpeg_cross,
          hangedman_vaults_pinch, vaults_mumra_minichess_inversion, v_rooms_6,
          vaults_room_hallway, v_rooms_2, minmay_crypt_entry_skeletal_spiral,
          nicolae_vaults_specimen_jars, v_alt_pattern_1, vaults_dpeg_spiral,
          layout_vaults_maze_bifur
Vaults:3: v_misc_31, v_pattern_5, nicolae_vaults_little_squares_6,
          vaults_standard_mumra_x, vaults_room_fours,
          nicolae_vaults_display_case, vaults_room_door_hall,
          hangedman_vaults_cutoff, ontoclasm_vaults_idyll, serial_ice_m,
          layout_vaults_omnicross, basic_altar
Vaults:4: gammafunk_vaults_ghost_necromancy, vaults_room_door_ring, v_rooms_1,
          vaults_room_large_hall, nicolae_vaults_alarming, v_misc_29,
          nicolae_vaults_branching_niches, hangedman_vaults_corner,
          nicolae_vaults_ring_of_whatevers, hangedman_vaults_nodes,
          hangedman_vaults_maws, vaults_room_grid, layout_vaults_omnibox,
          serial_shops, nicolae_shop_competitors_out_of_business
Vaults:5: uniq_mennas
Depths:1: layout_honeycomb, rand_demon_pan_entry_4, minmay_misc_feat_diagonals,
          serial_shops, shop, hell_entry, minmay_fractal_squares_diagonal_5
Depths:2: hangedman_arch_fort, layout_gridville, enter_ziggurat_b, hell_entry,
          minmay_misc_feat_tower, guppyfry_shop_earth, uniq_bai_suzhen
Depths:3: wad_pebble_path, layout_cross, serial_shops, kennysheep_little_box,
          lightli_too_deep, rand_demon_pan_entry_8, minivault_10,
          chequers_serial_rivers_large_a, small_statue_intersection,
          minmay_misc_feat_iff, minmay_shop_mayhem

Skill      XL: |  1  2  3  4  5  6  7  8  9 10 11 12 13 14 15 16 17 18 19 20 21 22 23 24 |
---------------+-------------------------------------------------------------------------+-----
Armour         | 4 5 6 7 8 10 11 12 13 14 15 16 17 18 19 20 | 20.9
Shields        | 4 5 6 8 9 11 12 13 15 17 18 19 20 21 22 23 24 25 26 | 26.7
Long Blades    | 3 4 5 7 9 10 12 13 14 15 16 17 18 19 20 21 22 23 24 | 24.7
Fighting       | 4 5 6 7 9 10 11 12 14 15 16 17 19 20 21 22 23 24 | 24.2
Dodging        | 1 2 3 4 5 6 7 8 9 10 | 10.5
Invocations    | 1 3 4 5 |  5.0
Stealth        | 1 2 3 |  3.5
Evocations     | 1 |  1.2

Action                   |  1- 3 |  4- 6 |  7- 9 | 10-12 | 13-15 | 16-18 | 19-21 | 22-24 || total
-------------------------+-------+-------+-------+-------+-------+-------+-------+-------++-------
Melee: Long sword        |    76 |   191 |   394 |   568 |       |       |       |       ||  1229
       Headbutt          |    11 |    36 |    78 |   205 |   376 |   488 |   621 |   515 ||  2330
       Falchion          |       |       |       |   149 |   170 |   102 |   350 |       ||   771
       Scimitar          |       |       |       |       |   565 |       |       |       ||   565
       Double sword      |       |       |       |       |   655 |  1210 |  1200 |  1266 ||  4331
       Unarmed           |       |       |       |       |       |       |     3 |       ||     3
Invok: Heroism           |       |       |     1 |    17 |    15 |     6 |     2 |     4 ||    45
       Finesse           |       |       |       |     1 |     1 |     1 |       |       ||     3
Evoke: Wand              |       |       |       |       |     6 |     7 |       |       ||    13
  Use: Potion            |     5 |       |       |     3 |    14 |     8 |    14 |     2 ||    46
       Scroll            |       |     4 |       |    11 |    16 |     9 |    12 |     5 ||    57
 Stab: Confused          |       |       |       |       |     1 |       |       |       ||     1
  Eat: Chunk             |       |     7 |    13 |    13 |    36 |    18 |    30 |    23 ||   140
       Ration            |       |       |       |     4 |     4 |    11 |     3 |     3 ||    25
Armor: Scale mail        |    48 |    83 |    25 |       |       |       |       |       ||   156
       Chain mail        |       |       |   191 |   236 |   507 |   405 |       |       ||  1339
       Plate armour      |       |       |     8 |       |       |   300 |   519 |   589 ||  1416
Dodge: Dodged            |    30 |    98 |   115 |   174 |   533 |   700 |   669 |   623 ||  2942
       Deflected         |       |       |       |       |       |    92 |       |       ||    92
Block: Shield            |    56 |   135 |   253 |   355 |   764 |       |       |       ||  1563
       Buckler           |       |       |       |       |   110 |   807 |   757 |   478 ||  2152
       Reflection        |       |       |       |       |     1 |    67 |    62 |    46 ||   176
       Large shield      |       |       |       |       |       |       |       |   747 ||   747
       Rpst.: Long sword |     8 |    28 |    25 |    30 |       |       |       |       ||    91
       Falchion          |       |       |       |     8 |     6 |     6 |    26 |       ||    46
       Scimitar          |       |       |       |       |    42 |       |       |       ||    42
       Double sword      |       |       |       |       |    54 |   115 |   125 |   109 ||   403
